 Dungeon Crawl Stone Soup version 0.29.0-4-gdea44cf6ec (webtiles) character file.

Game seed: 8214019561278242788

19078 qw the Grappler (level 12, -6/114 HPs)
             Began as a Troll Cinder Acolyte on Sept 3, 2022.
             Was an Initiate of Ignis.
             Mangled by a 13-headed hydra (13 damage)
             ... on level 2 of the Lair of Beasts.
             The game lasted 00:07:55 (12805 turns).

qw the Grappler (Troll Cinder Acolyte)             Turns: 12805, Time: 00:07:55

Health: -6/114     AC: 11    Str: 29    XL:     12   Next: 33%
Magic:  12/12      EV:  8    Int: 10    God:    Ignis [......]
Gold:   956        SH:  9    Dex:  5    Spells: 13/13 levels left

rFire   + + .      SeeInvis +     - Unarmed
rCold   + + .      Faith    .   a - +0 kite shield
rNeg    . . .      Spirit   .   r - +4 steam dragon scales
rPois   .          Reflect  .   (helmet restricted)
rElec   .          Harm     .   m - scarf {rC+ rF+}
rCorr   +          Rampage  .   (gloves unavailable)
Will    .....                   (boots unavailable)
Stlth   +.........              (no amulet)
HPRegen 1.09/turn               i - ring of resist corrosion
MPRegen 0.13/turn               c - ring of protection from cold

@: no status effects
A: large, unfitting armour, claws 3, regeneration 1, shaggy fur 1, tough skin 1,
see invisible
a: Renounce Religion, Rising Flame


You were on level 2 of the Lair of Beasts.
You worshipped Ignis.
Ignis was noncommittal.
You visited 2 branches of the dungeon, and saw 14 of its levels.
You also visited: Sewer and Ossuary.

You collected 956 gold pieces.


Innate Abilities, Weirdness & Mutations

You are too large for most types of armour.
You have claws for hands.
Your natural rate of healing is unusually fast.
You are covered in fur. (AC +1)
You have tough skin. (AC +1)
You have supernaturally acute eyesight. (SInv)


   Skills:
 - Level 6.0 Fighting
 - Level 3.9 Throwing
 - Level 3.0 Armour
 - Level 2.3 Dodging
 - Level 10.0 Shields
 + Level 14.9 Unarmed Combat
 - Level 1.0 Spellcasting
 - Level 2.1 Fire Magic


You had 13 spell levels left.
You didn't know any spells.
Your spell library contained the following spells:

 Spells                   Type           Power      Damage    Failure   Level
 Scorch                   Fire           8%         2d5       36%         2

Inventory:

Missiles
 e - 2 boomerangs (quivered)
Armour
 a - a +0 kite shield (worn)
 k - a +2 cloak
 m - a scarf of resistance (worn)
 p - the +0 robe of Tinefy {-Tele Fly rC+ Will++}
   (You found it on level 1 of the Lair of Beasts)

   rC:        It protects you from cold.
   Fly:       It grants you flight.
   -Tele:     It prevents most forms of teleportation.
   Will:      It greatly increases your willpower.
 r - +4 steam dragon scales (worn)
Jewellery
 c - a ring of protection from cold (right claw)
 i - a ring of resist corrosion (left claw)
Scrolls
 g - 2 scrolls of identify
 o - a scroll of teleportation
 q - 2 scrolls of enchant weapon
Potions
 b - 5 potions of might
 d - a potion of cancellation
 h - 2 potions of heal wounds
 j - 9 potions of curing
 l - 3 potions of mutation
 n - 2 potions of resistance

Dungeon Overview and Level Annotations

Branches:
Dungeon (12/15)            Temple (0/1) D:6            Lair (2/5) D:10
    Orc (0/2) D:9           Sewer (visited)         Ossuary (visited)
  Swamp: Lair:2-3    Shoals: Lair:2-3     Snake: Lair:2-3    Spider: Lair:2-3

Altars:
Dithmenos
Hepliaklqana
Kikubaaqudgha
Ru
Sif Muna
Trog
The Shining One

Shops:
D:5 *   D:9 (

Annotations:
D:2 1 runed translucent door, Crazy Yiuf


Message History

You block the ten-headed hydra's attack.
The ten-headed hydra barely misses you. The ten-headed hydra bites you.
The ten-headed hydra bites you!
The ten-headed hydra bites you but does no damage. x2
The ten-headed hydra bites you!
The ten-headed hydra bites you but does no damage.
The ten-headed hydra bites you.
You tear one of the ten-headed hydra's heads off!
The nine-headed hydra grows two more!
You mangle the 11-headed hydra!!
The 11-headed hydra is severely wounded.
The 11-headed hydra bites you but does no damage.
The 11-headed hydra barely misses you. The 11-headed hydra bites you!
The 11-headed hydra closely misses you.
The 11-headed hydra bites you but does no damage.
The 11-headed hydra closely misses you. The 11-headed hydra bites you.
You block the 11-headed hydra's attack. The 11-headed hydra bites you.
The 11-headed hydra bites you but does no damage.
The 11-headed hydra barely misses you.
You claw one of the 11-headed hydra's heads off!
The ten-headed hydra grows two more!
You mangle the 12-headed hydra!!
The 12-headed hydra is almost dead.
You block the 12-headed hydra's attack. The 12-headed hydra bites you! x2
The 12-headed hydra bites you. You block the 12-headed hydra's attack.
The 12-headed hydra bites you but does no damage.
The 12-headed hydra bites you!
The 12-headed hydra bites you but does no damage.
The 12-headed hydra bites you! The 12-headed hydra closely misses you.
You block the 12-headed hydra's attack.
The 12-headed hydra bites you but does no damage.
You rip one of the 12-headed hydra's heads off!
The 11-headed hydra grows two more!
You claw the 13-headed hydra!
The 13-headed hydra is almost dead.
The 13-headed hydra barely misses you. x2
The 13-headed hydra bites you but does no damage.
The 13-headed hydra bites you! x2
The 13-headed hydra bites you but does no damage.
You block the 13-headed hydra's attack.
The 13-headed hydra bites you but does no damage.
The 13-headed hydra closely misses you. The 13-headed hydra bites you! x2
You die...

......#.......#P....##
.#............##.......
.......P.....P##P......
........................
..#.#.###.......%.......
........................
.P#..#....#.#.##.......%
..........##.###P...#...
.....#@...### #....#...
.....(.D...# #P.......
..........## ##...#...
#.#.P#(...##### #...#...
.......(...#.###...#...
...............##....##.
...?.....(P....##.......
.........PP.............
....P(l....###.##..


You could see a 13-headed hydra.

Vanquished Creatures
  4 hydras
  Amaemon (D:8)
  Pikel (D:6)
  A black mamba (Lair:2)
  Maggie (D:7)
  4 cane toads (Lair:2)
  A gargoyle (D:10)
  An orange demon (D:8)
  Psyche (D:8)
  3 komodo dragons
  2 polar bears
  Grinder (D:3)
  Prince Ribbit (D:5)
  2 hornets
  3 shadows (D:9)
  Eustachio (D:5)
  11 yaks
  A vampire (D:11)
  7 wyverns
  2 steam dragons
  A basilisk (Lair:1)
  A two-headed ogre zombie (D:9)
  Menkaure (Ossuary)
  4 water moccasins
  4 sky beasts
  2 orc warriors
  2 ice beasts
  2 ogres (D:6)
  2 centaurs
  16 wolves
  2 lemures (D:6)
  A phantom (D:4)
  2 gnoll sergeants
  8 kobold brigands
  9 bullfrogs
  3 scorpions
  15 wights
  4 killer bees (D:9)
  4 troll zombies (D:9)
  4 howler monkeys
  4 jellies
  A hound (D:6)
  A gnoll bouda (D:7)
  9 orc priests
  5 iguanas
  10 orc wizards
  Ijyb (D:3)
  7 hell rats (Lair:1)
  2 ogre zombies (D:9)
  3 mummies (Ossuary)
  13 gnolls
  14 adders
  3 river rats (Sewer)
  A shadow imp (D:6)
  A white imp (D:7)
  An ufetubus (D:6)
  4 worms
  3 dart slugs
  40 orcs
  10 endoplasms
  6 giant cockroaches
  9 goblins
  6 hobgoblins
  4 jackals (D:5)
  2 quokkas (D:2)
  10 ball pythons
  9 bats
  3 frilled lizards
  3 gnoll skeletons (Ossuary)
  7 gnoll zombies (Ossuary)
  7 goblin skeletons (Ossuary)
  5 goblin zombies
  8 hobgoblin skeletons
  10 hobgoblin zombies
  25 kobolds
  A kobold skeleton (Ossuary)
  8 orc skeletons
  19 orc zombies
  9 rats
  3 rat skeletons (Ossuary)
  3 rat zombies (Ossuary)
426 creatures vanquished.

Vanquished Creatures (others)
  3 fungi
  16 plants
19 creatures vanquished.

Grand Total: 445 creatures vanquished

Notes
Turn   | Place    | Note
-------+----------+-------------------------------------------
     0 | D:1      | qw the Troll Cinder Acolyte began the quest for the Orb.
     0 | D:1      | Reached XP level 1. HP: 22/22 MP: 1/1
     0 | D:1      | 0 ||| qw: Version: 0.1-a-102-g441f92d
     0 | D:1      | 0 ||| qw: Game counter: 5263
     0 | D:1      | 0 ||| qw: Always use a shield: true
     0 | D:1      | 0 ||| qw: God list: Okawaru
     0 | D:1      | 0 ||| qw: Allow faded altars: false
     0 | D:1      | 0 ||| qw: Do Orc after D:15 true
     0 | D:1      | 0 ||| qw: Do second Lair branch before Depths: true
     0 | D:1      | 0 ||| qw: Lair rune preference: random
     0 | D:1      | 0 ||| qw: Plans: Normal
     0 | D:1      | 0 ||| PLANNING D:1-11
   463 | D:1      | Reached XP level 2. HP: 29/29 MP: 2/2
   533 | D:1      | 533 ||| Stepping ~*~*~tactically~*~*~ (stealth).
   786 | D:1      | Reached skill level 4 in Unarmed Combat
   872 | D:1      | 872 ||| UPGRADING to ring of resist corrosion.
   873 | D:1      | 873 ||| READING scroll labelled GEDITIO HUXKAMUWO.
   874 | D:1      | 874 ||| DRINKING 3 blue potions.
   975 | D:1      | 975 ||| DRINKING 2 coppery potions.
   976 | D:1      | 976 ||| DROPPING 2 potions of ambrosia.
  1128 | D:2      | Reached XP level 3. HP: 33/36 MP: 3/3
  1239 | D:2      | 1239 ||| Stepping ~*~*~tactically~*~*~ (stealth).
  1273 | D:2      | 1273 ||| Stepping ~*~*~tactically~*~*~ (hiding).
  1275 | D:2      | 1275 ||| Stepping ~*~*~tactically~*~*~ (hiding).
  1278 | D:2      | 1278 ||| Stepping ~*~*~tactically~*~*~ (outnumbered).
  1279 | D:2      | 1279 ||| INVOKING Fiery Armour.
  1375 | D:2      | Found a runed translucent door.
  1376 | D:2      | Noticed Crazy Yiuf
  1403 | D:2      | Found a faded altar of an unknown god.
  1612 | D:2      | Reached XP level 4. HP: 44/44 MP: 4/4
  1613 | D:2      | 1613 ||| Stepping ~*~*~tactically~*~*~ (stealth).
  1615 | D:2      | 1615 ||| Stepping ~*~*~tactically~*~*~ (hiding).
  1928 | D:2      | Reached skill level 5 in Unarmed Combat
  2127 | D:2      | 2127 ||| READING scroll labelled ENYONG WEAR.
  2128 | D:2      | 2128 ||| READING scroll labelled XONUPROREM.
  2129 | D:2      | 2129 ||| READING scroll labelled NUOHAWK JERU.
  2130 | D:2      | 2130 ||| READING scroll labelled ZODDUN DONTIME.
  2208 | D:3      | 2208 ||| PLANNING SEWER
  2211 | D:3      | Noticed Grinder
  2215 | D:3      | 2215 ||| INVOKING Fiery Armour.
  2220 | D:3      | HP: 11/44 [Grinder (5)]
  2220 | D:3      | HP: 5/44 [Grinder (6)]
  2221 | D:3      | 2221 ||| DRINKING potion of heal wounds.
  2225 | D:3      | Killed Grinder
  2226 | D:3      | Reached skill level 3 in Throwing
  2226 | D:3      | Reached XP level 5. HP: 27/50 MP: 5/5
  2226 | D:3      | Reached XP level 6. HP: 31/59 MP: 6/6
  2346 | D:3      | Found a glowing golden altar of the Shining One.
  2376 | D:3      | Noticed Ijyb
  2377 | D:3      | 2377 ||| Stepping ~*~*~tactically~*~*~ (hiding).
  2386 | D:3      | Killed Ijyb
  2534 | D:3      | Found a hazy altar of Hepliaklqana.
  2562 | D:3      | Found a glowing drain.
  2563 | D:3      | 2563 ||| READING scroll labelled VIBRAX BOAC.
  2564 | D:3      | 2564 ||| DRINKING 3 smoky black potions.
  2565 | D:3      | 2565 ||| DROPPING 2 potions of brilliance.
  2588 | Sewer    | Entered a sewer
  2755 | Sewer    | Reached skill level 6 in Unarmed Combat
  2901 | Sewer    | Reached XP level 7. HP: 59/66 MP: 7/7
  3117 | Sewer    | Reached skill level 7 in Unarmed Combat
  3211 | Sewer    | 3211 ||| READING scroll labelled DOSUNU XOKU.
  3212 | Sewer    | 3212 ||| READING scroll labelled RUTSOSSIOLE.
  3238 | D:3      | 3238 ||| PLANNING D:1-11
  3400 | D:3      | 3400 ||| Stepping ~*~*~tactically~*~*~ (outnumbered).
  3401 | D:3      | 3401 ||| Stepping ~*~*~tactically~*~*~ (outnumbered).
  3651 | D:3      | 3651 ||| READING scroll labelled LEACIF GOKHUD.
  3652 | D:3      | 3652 ||| DRINKING 2 yellow potions.
  3662 | D:4      | 3662 ||| PLANNING OSSUARY
  3704 | D:4      | Found a bloodstained altar of Trog.
  3720 | D:4      | 3720 ||| Stepping ~*~*~tactically~*~*~ (stealth).
  3721 | D:4      | 3721 ||| Stepping ~*~*~tactically~*~*~ (stealth).
  3809 | D:4      | Reached skill level 8 in Unarmed Combat
  3940 | D:4      | 3940 ||| Stepping ~*~*~tactically~*~*~ (stealth).
  3942 | D:4      | 3942 ||| Stepping ~*~*~tactically~*~*~ (stealth).
  3997 | D:4      | Found a sand-covered staircase.
  3998 | D:4      | 3998 ||| READING scroll labelled ASEFU PIFEVUIT.
  3999 | D:4      | 3999 ||| READING scroll labelled HOMNUSHOKAFF.
  4039 | Ossuary  | Entered an ossuary
  4082 | Ossuary  | 4082 ||| INVOKING Fiery Armour.
  4086 | Ossuary  | 4086 ||| Stepping ~*~*~tactically~*~*~ (outnumbered).
  4087 | Ossuary  | 4087 ||| Stepping ~*~*~tactically~*~*~ (outnumbered).
  4089 | Ossuary  | 4089 ||| Stepping ~*~*~tactically~*~*~ (outnumbered).
  4090 | Ossuary  | 4090 ||| Stepping ~*~*~tactically~*~*~ (outnumbered).
  4524 | Ossuary  | Reached skill level 3 in Fighting
  4624 | Ossuary  | Noticed Menkaure
  4625 | Ossuary  | 4625 ||| Stepping ~*~*~tactically~*~*~ (hiding).
  4638 | Ossuary  | Killed Menkaure
  4639 | Ossuary  | Reached XP level 8. HP: 75/75 MP: 8/8
  4667 | Ossuary  | 4667 ||| Stepping ~*~*~tactically~*~*~ (stealth).
  4669 | Ossuary  | 4669 ||| Stepping ~*~*~tactically~*~*~ (stealth).
  4700 | Ossuary  | 4700 ||| READING scroll labelled OKINYM JEGU.
  4701 | Ossuary  | 4701 ||| READING scroll labelled QIOPOSH WAODGH.
  4702 | Ossuary  | 4702 ||| DRINKING 3 clear potions.
  4703 | Ossuary  | 4703 ||| DRINKING 2 brown potions.
  4704 | Ossuary  | 4704 ||| DRINKING 3 bubbling dark potions.
  4808 | Ossuary  | 4808 ||| DRINKING 2 metallic inky potions.
  4808 | Ossuary  | Gained mutation: You have supernaturally acute eyesight.
                  | (SInv) [potion of mutation]
  4809 | Ossuary  | 4809 ||| READING 3 scrolls of identify.
  4809 | Ossuary  | 4809 ||| IDENTIFYING murky coppery potion
  4810 | Ossuary  | 4810 ||| READING 2 scrolls of identify.
  4810 | Ossuary  | 4810 ||| IDENTIFYING cyan potion
  4811 | Ossuary  | 4811 ||| DROPPING potion of degeneration.
  4812 | Ossuary  | 4812 ||| DROPPING 2 potions of berserk rage.
  4817 | D:4      | 4817 ||| PLANNING D:1-11
  5090 | D:5      | Entered Level 5 of the Dungeon
  5129 | D:5      | Found Doosuy's Assorted Antiques.
  5135 | D:5      | 5135 ||| SHOPLISTING potion of mutation (224 gold, have
                  | 218).
  5145 | D:5      | Reached skill level 9 in Unarmed Combat
  5189 | D:5      | 5189 ||| Stepping ~*~*~tactically~*~*~ (stealth).
  5210 | D:5      | Noticed Eustachio
  5225 | D:5      | Killed Eustachio
  5251 | D:5      | 5251 ||| Stepping ~*~*~tactically~*~*~ (outnumbered).
  5252 | D:5      | 5252 ||| Stepping ~*~*~tactically~*~*~ (outnumbered).
  5253 | D:5      | 5253 ||| Stepping ~*~*~tactically~*~*~ (outnumbered).
  5254 | D:5      | 5254 ||| Stepping ~*~*~tactically~*~*~ (outnumbered).
  5255 | D:5      | 5255 ||| Stepping ~*~*~tactically~*~*~ (outnumbered).
  5256 | D:5      | 5256 ||| Stepping ~*~*~tactically~*~*~ (outnumbered).
  5257 | D:5      | 5257 ||| Stepping ~*~*~tactically~*~*~ (outnumbered).
  5258 | D:5      | 5258 ||| Stepping ~*~*~tactically~*~*~ (outnumbered).
  5259 | D:5      | 5259 ||| Stepping ~*~*~tactically~*~*~ (outnumbered).
  5260 | D:5      | 5260 ||| Stepping ~*~*~tactically~*~*~ (outnumbered).
  5263 | D:5      | 5263 ||| Stepping ~*~*~tactically~*~*~ (outnumbered).
  5376 | D:5      | 5376 ||| Stepping ~*~*~tactically~*~*~ (outnumbered).
  5456 | D:5      | 5456 ||| UPGRADING to +2 cloak.
  5536 | D:5      | Noticed Prince Ribbit
  5539 | D:5      | 5539 ||| INVOKING Fiery Armour.
  5543 | D:5      | Killed Prince Ribbit
  5544 | D:5      | Reached skill level 10 in Unarmed Combat
  5678 | D:5      | Identified the +6 long sword of Ignis's Supremacy {vorpal,
                  | Fly}
  5859 | D:5      | 5859 ||| DRINKING 3 bubbling inky potions.
  5860 | D:5      | 5860 ||| READING 3 scrolls of identify.
  5860 | D:5      | 5860 ||| IDENTIFYING murky pink potion
  5861 | D:5      | 5861 ||| READING 2 scrolls of identify.
  5861 | D:5      | 5861 ||| IDENTIFYING green potion
  5862 | D:5      | 5862 ||| DROPPING potion of lignification.
  5863 | D:5      | 5863 ||| DROPPING potion of flight.
  5864 | D:5      | 5864 ||| DROPPING 2 potions of invisibility.
  5977 | D:6      | 5977 ||| INVOKING Fiery Armour.
  5986 | D:6      | Reached XP level 9. HP: 56/84 MP: 9/9
  5994 | D:6      | 5994 ||| FLEEEEING.
  5995 | D:6      | 5995 ||| FLEEEEING.
  5996 | D:6      | 5996 ||| FLEEEEING.
  5997 | D:6      | 5997 ||| FLEEEEING.
  5998 | D:6      | 5998 ||| FLEEEEING.
  5999 | D:6      | 5999 ||| FLEEEEING.
  6000 | D:6      | 6000 ||| FLEEEEING.
  6001 | D:6      | 6001 ||| FLEEEEING.
  6002 | D:6      | 6002 ||| FLEEEEING.
  6003 | D:6      | 6003 ||| FLEEEEING.
  6024 | D:6      | Found a staircase to the Ecumenical Temple.
  6034 | D:6      | 6034 ||| FLEEEEING.
  6035 | D:6      | 6035 ||| FLEEEEING.
  6115 | D:6      | Noticed Pikel
  6131 | D:6      | Killed Pikel
  6132 | D:6      | Reached skill level 11 in Unarmed Combat
  6207 | D:6      | 6207 ||| Stepping ~*~*~tactically~*~*~ (hiding).
  6409 | D:6      | 6409 ||| Stepping ~*~*~tactically~*~*~ (stealth).
  6411 | D:6      | 6411 ||| Stepping ~*~*~tactically~*~*~ (hiding).
  6413 | D:6      | 6413 ||| Stepping ~*~*~tactically~*~*~ (hiding).
  6464 | D:6      | 6464 ||| Stepping ~*~*~tactically~*~*~ (hiding).
  6692 | D:6      | 6692 ||| UPGRADING to scarf of resistance.
  6702 | D:6      | 6702 ||| READING scroll labelled OPAAJUPEKK.
  6703 | D:6      | 6703 ||| READING scroll labelled TEN DEYPIUTYWK.
  6767 | D:7      | Reached skill level 12 in Unarmed Combat
  6820 | D:7      | Found a sacrificial altar of Ru.
  6827 | D:7      | 6827 ||| Stepping ~*~*~tactically~*~*~ (hiding).
  6878 | D:7      | 6878 ||| Stepping ~*~*~tactically~*~*~ (stealth).
  6896 | D:7      | Found a shadowy altar of Dithmenos.
  6943 | D:7      | 6943 ||| Stepping ~*~*~tactically~*~*~ (stealth).
  6949 | D:7      | 6949 ||| Stepping ~*~*~tactically~*~*~ (hiding).
  6953 | D:7      | 6953 ||| Stepping ~*~*~tactically~*~*~ (outnumbered).
  7256 | D:7      | Reached XP level 10. HP: 96/96 MP: 10/10
  7309 | D:7      | Noticed Maggie
  7310 | D:7      | 7310 ||| Stepping ~*~*~tactically~*~*~ (hiding).
  7311 | D:7      | 7311 ||| Stepping ~*~*~tactically~*~*~ (hiding).
  7323 | D:7      | Killed Maggie
  7355 | D:7      | 7355 ||| Stepping ~*~*~tactically~*~*~ (outnumbered).
  7358 | D:7      | 7358 ||| Stepping ~*~*~tactically~*~*~ (outnumbered).
  7401 | D:7      | 7401 ||| Stepping ~*~*~tactically~*~*~ (stealth).
  7415 | D:7      | 7415 ||| Stepping ~*~*~tactically~*~*~ (stealth).
  7416 | D:7      | 7416 ||| Stepping ~*~*~tactically~*~*~ (stealth).
  7499 | D:7      | 7499 ||| Stepping ~*~*~tactically~*~*~ (hiding).
  7531 | D:7      | Reached skill level 13 in Unarmed Combat
  7648 | D:7      | Found a shimmering blue altar of Sif Muna.
  7802 | D:7      | 7802 ||| Stepping ~*~*~tactically~*~*~ (stealth).
  7803 | D:7      | 7803 ||| Stepping ~*~*~tactically~*~*~ (stealth).
  7804 | D:7      | 7804 ||| Stepping ~*~*~tactically~*~*~ (stealth).
  7896 | D:7      | 7896 ||| UPGRADING to +0 steam dragon scales.
  7906 | D:7      | 7906 ||| DROPPING +0 robe.
  7907 | D:7      | 7907 ||| UPGRADING to +1 steam dragon scales.
  7917 | D:7      | 7917 ||| DROPPING +0 steam dragon scales.
  7918 | D:7      | 7918 ||| READING 3 scrolls of enchant armour.
  7918 | D:7      | 7918 ||| ENCHANTING +1 steam dragon scales.
  7919 | D:7      | 7919 ||| READING 2 scrolls of enchant armour.
  7919 | D:7      | 7919 ||| ENCHANTING +2 steam dragon scales.
  7920 | D:7      | 7920 ||| READING scroll of enchant armour.
  7920 | D:7      | 7920 ||| ENCHANTING +3 steam dragon scales.
  7921 | D:7      | 7921 ||| READING 2 scrolls of identify.
  7921 | D:7      | 7921 ||| IDENTIFYING white potion
  7922 | D:7      | 7922 ||| DROPPING potion of magic.
  7982 | D:8      | Noticed a seven-headed hydra
  7983 | D:8      | 7983 ||| INVOKING Fiery Armour.
  7986 | D:8      | Killed a nine-headed hydra
  7987 | D:8      | Reached skill level 3 in Armour
  8074 | D:8      | 8074 ||| Stepping ~*~*~tactically~*~*~ (hiding).
  8105 | D:8      | Found an ancient bone altar of Kikubaaqudgha.
  8153 | D:8      | 8153 ||| Stepping ~*~*~tactically~*~*~ (hiding).
  8154 | D:8      | 8154 ||| Stepping ~*~*~tactically~*~*~ (hiding).
  8191 | D:8      | Identified the +9 quarterstaff of Extermination {drain,
                  | rElec rC+ Will+}
  8202 | D:8      | 8202 ||| Stepping ~*~*~tactically~*~*~ (hiding).
  8262 | D:8      | Noticed Psyche
  8263 | D:8      | 8263 ||| Stepping ~*~*~tactically~*~*~ (stealth).
  8270 | D:8      | Killed Psyche
  8275 | D:8      | 8275 ||| Stepping ~*~*~tactically~*~*~ (outnumbered).
  8276 | D:8      | 8276 ||| Stepping ~*~*~tactically~*~*~ (outnumbered).
  8277 | D:8      | 8277 ||| Stepping ~*~*~tactically~*~*~ (outnumbered).
  8278 | D:8      | 8278 ||| Stepping ~*~*~tactically~*~*~ (outnumbered).
  8279 | D:8      | 8279 ||| Stepping ~*~*~tactically~*~*~ (outnumbered).
  8295 | D:8      | Reached skill level 14 in Unarmed Combat
  8295 | D:8      | 8295 ||| FLEEEEING.
  8298 | D:8      | 8298 ||| FLEEEEING.
  8299 | D:8      | 8299 ||| FLEEEEING.
  8311 | D:8      | 8311 ||| Stepping ~*~*~tactically~*~*~ (stealth).
  8406 | D:8      | Noticed Amaemon
  8406 | D:8      | Noticed an orange demon
  8407 | D:8      | 8407 ||| Stepping ~*~*~tactically~*~*~ (hiding).
  8408 | D:8      | 8408 ||| Stepping ~*~*~tactically~*~*~ (hiding).
  8409 | D:8      | 8409 ||| Stepping ~*~*~tactically~*~*~ (hiding).
  8411 | D:8      | 8411 ||| Stepping ~*~*~tactically~*~*~ (hiding).
  8412 | D:8      | 8412 ||| Stepping ~*~*~tactically~*~*~ (hiding).
  8424 | D:8      | 8424 ||| INVOKING Fiery Armour.
  8425 | D:8      | HP: 24/96 [poisoned by an orange demon]
  8426 | D:8      | 8426 ||| READING 2 scrolls of teleportation.
  8427 | D:8      | 8427 ||| DRINKING 4 potions of heal wounds.
  8428 | D:8      | 8428 ||| DRINKING 3 potions of heal wounds.
  8429 | D:8      | 8429 ||| DRINKING 2 potions of heal wounds.
  8429 | D:8      | Killed Amaemon
  8430 | D:8      | Reached skill level 6 in Fighting
  8432 | D:8      | Killed an orange demon
  8432 | D:8      | HP: 21/98 [poisoned by orange demon (concentrated venom)]
  8437 | D:8      | HP: 12/98 [poisoned by orange demon (concentrated venom)]
  8695 | D:8      | 8695 ||| UPGRADING to +0 kite shield.
  8740 | D:9      | 8740 ||| Stepping ~*~*~tactically~*~*~ (outnumbered).
  8741 | D:9      | 8741 ||| Stepping ~*~*~tactically~*~*~ (outnumbered).
  8842 | D:9      | 8842 ||| Stepping ~*~*~tactically~*~*~ (stealth).
  8844 | D:9      | 8844 ||| Stepping ~*~*~tactically~*~*~ (hiding).
  8847 | D:9      | 8847 ||| Stepping ~*~*~tactically~*~*~ (outnumbered).
  8853 | D:9      | Reached skill level 1 in Shields
  8912 | D:9      | Reached XP level 11. HP: 97/102 MP: 11/11
  8929 | D:9      | 8929 ||| Stepping ~*~*~tactically~*~*~ (stealth).
  8959 | D:9      | 8959 ||| Stepping ~*~*~tactically~*~*~ (stealth).
  8961 | D:9      | 8961 ||| Stepping ~*~*~tactically~*~*~ (stealth).
  9022 | D:9      | 9022 ||| Stepping ~*~*~tactically~*~*~ (stealth).
  9024 | D:9      | 9024 ||| Stepping ~*~*~tactically~*~*~ (stealth).
  9025 | D:9      | 9025 ||| Stepping ~*~*~tactically~*~*~ (stealth).
  9026 | D:9      | 9026 ||| Stepping ~*~*~tactically~*~*~ (stealth).
  9042 | D:9      | Reached skill level 3 in Shields
  9066 | D:9      | You fall into a shaft and drop 3 floors!
  9431 | D:11     | 9431 ||| UPGRADING to ring of protection from cold.
  9436 | D:10     | Entered Level 10 of the Dungeon
  9451 | D:10     | 9451 ||| Stepping ~*~*~tactically~*~*~ (hiding).
  9586 | D:9      | 9586 ||| INVOKING Fiery Armour.
  9590 | D:9      | 9590 ||| Stepping ~*~*~tactically~*~*~ (outnumbered).
  9591 | D:9      | 9591 ||| Stepping ~*~*~tactically~*~*~ (outnumbered).
  9592 | D:9      | 9592 ||| Stepping ~*~*~tactically~*~*~ (outnumbered).
  9593 | D:9      | 9593 ||| Stepping ~*~*~tactically~*~*~ (outnumbered).
  9594 | D:9      | 9594 ||| Stepping ~*~*~tactically~*~*~ (outnumbered).
  9596 | D:9      | 9596 ||| Stepping ~*~*~tactically~*~*~ (outnumbered).
  9597 | D:9      | 9597 ||| Stepping ~*~*~tactically~*~*~ (outnumbered).
  9598 | D:9      | 9598 ||| Stepping ~*~*~tactically~*~*~ (outnumbered).
  9599 | D:9      | 9599 ||| Stepping ~*~*~tactically~*~*~ (outnumbered).
  9600 | D:9      | 9600 ||| Stepping ~*~*~tactically~*~*~ (outnumbered).
  9601 | D:9      | 9601 ||| Stepping ~*~*~tactically~*~*~ (outnumbered).
  9616 | D:9      | 9616 ||| Stepping ~*~*~tactically~*~*~ (stealth).
  9626 | D:9      | 9626 ||| Stepping ~*~*~tactically~*~*~ (outnumbered).
  9627 | D:9      | 9627 ||| Stepping ~*~*~tactically~*~*~ (outnumbered).
  9628 | D:9      | 9628 ||| Stepping ~*~*~tactically~*~*~ (outnumbered).
  9718 | D:9      | 9718 ||| Stepping ~*~*~tactically~*~*~ (stealth).
  9719 | D:9      | 9719 ||| Stepping ~*~*~tactically~*~*~ (stealth).
  9740 | D:9      | 9740 ||| Stepping ~*~*~tactically~*~*~ (stealth).
  9741 | D:9      | 9741 ||| Stepping ~*~*~tactically~*~*~ (stealth).
  9756 | D:9      | Found a staircase to the Orcish Mines.
  9767 | D:9      | 9767 ||| Stepping ~*~*~tactically~*~*~ (outnumbered).
  9768 | D:9      | 9768 ||| Stepping ~*~*~tactically~*~*~ (outnumbered).
  9770 | D:9      | 9770 ||| Stepping ~*~*~tactically~*~*~ (outnumbered).
  9771 | D:9      | 9771 ||| Stepping ~*~*~tactically~*~*~ (outnumbered).
  9774 | D:9      | 9774 ||| Stepping ~*~*~tactically~*~*~ (outnumbered).
  9775 | D:9      | 9775 ||| Stepping ~*~*~tactically~*~*~ (outnumbered).
  9776 | D:9      | 9776 ||| Stepping ~*~*~tactically~*~*~ (outnumbered).
  9777 | D:9      | 9777 ||| Stepping ~*~*~tactically~*~*~ (outnumbered).
  9792 | D:9      | Found Avoih's Antique Weapon Boutique.
  9880 | D:9      | 9880 ||| Stepping ~*~*~tactically~*~*~ (hiding).
  9881 | D:9      | 9881 ||| Stepping ~*~*~tactically~*~*~ (hiding).
  9887 | D:9      | 9887 ||| Stepping ~*~*~tactically~*~*~ (hiding).
  9890 | D:9      | 9890 ||| Stepping ~*~*~tactically~*~*~ (hiding).
 10118 | D:9      | 10118 ||| Stepping ~*~*~tactically~*~*~ (stealth).
 10131 | D:9      | 10131 ||| Stepping ~*~*~tactically~*~*~ (stealth).
 10133 | D:9      | 10133 ||| Stepping ~*~*~tactically~*~*~ (stealth).
 10139 | D:9      | 10139 ||| Stepping ~*~*~tactically~*~*~ (outnumbered).
 10140 | D:9      | 10140 ||| Stepping ~*~*~tactically~*~*~ (outnumbered).
 10141 | D:9      | 10141 ||| Stepping ~*~*~tactically~*~*~ (outnumbered).
 10723 | D:10     | Paralysed by a hornet for 1 turns
 10726 | D:10     | Reached skill level 6 in Shields
 10786 | D:10     | 10786 ||| FLEEEEING.
 10788 | D:10     | 10788 ||| Stepping ~*~*~tactically~*~*~ (stealth).
 10793 | D:10     | 10793 ||| Stepping ~*~*~tactically~*~*~ (outnumbered).
 10794 | D:10     | 10794 ||| Stepping ~*~*~tactically~*~*~ (outnumbered).
 10795 | D:10     | 10795 ||| Stepping ~*~*~tactically~*~*~ (outnumbered).
 10796 | D:10     | 10796 ||| Stepping ~*~*~tactically~*~*~ (outnumbered).
 10797 | D:10     | 10797 ||| Stepping ~*~*~tactically~*~*~ (outnumbered).
 10800 | D:10     | 10800 ||| Stepping ~*~*~tactically~*~*~ (outnumbered).
 10801 | D:10     | 10801 ||| Stepping ~*~*~tactically~*~*~ (outnumbered).
 10805 | D:10     | 10805 ||| Stepping ~*~*~tactically~*~*~ (outnumbered).
 10806 | D:10     | 10806 ||| Stepping ~*~*~tactically~*~*~ (outnumbered).
 10807 | D:10     | 10807 ||| Stepping ~*~*~tactically~*~*~ (outnumbered).
 10809 | D:10     | 10809 ||| Stepping ~*~*~tactically~*~*~ (outnumbered).
 10834 | D:10     | 10834 ||| Stepping ~*~*~tactically~*~*~ (hiding).
 10846 | D:10     | 10846 ||| Stepping ~*~*~tactically~*~*~ (stealth).
 10849 | D:10     | 10849 ||| Stepping ~*~*~tactically~*~*~ (hiding).
 10850 | D:10     | 10850 ||| Stepping ~*~*~tactically~*~*~ (hiding).
 10952 | D:10     | 10952 ||| Stepping ~*~*~tactically~*~*~ (hiding).
 10953 | D:10     | 10953 ||| Stepping ~*~*~tactically~*~*~ (hiding).
 10986 | D:10     | Found a staircase to the Lair.
 11518 | D:10     | 11518 ||| READING scroll of teleportation.
 11519 | D:10     | 11519 ||| PLANNING LAIR
 11519 | D:10     | 11519 ||| STAIRDANCE
 11612 | Lair:1   | Entered Level 1 of the Lair of Beasts
 11613 | Lair:1   | 11613 ||| INVOKING Fiery Armour.
 11616 | Lair:1   | 11616 ||| Stepping ~*~*~tactically~*~*~ (outnumbered).
 11618 | Lair:1   | 11618 ||| Stepping ~*~*~tactically~*~*~ (outnumbered).
 11619 | Lair:1   | 11619 ||| Stepping ~*~*~tactically~*~*~ (outnumbered).
 11621 | Lair:1   | 11621 ||| DRINKING 2 potions of cancellation.
 11622 | Lair:1   | 11622 ||| Stepping ~*~*~tactically~*~*~ (outnumbered).
 11623 | Lair:1   | 11623 ||| Stepping ~*~*~tactically~*~*~ (outnumbered).
 11624 | Lair:1   | 11624 ||| Stepping ~*~*~tactically~*~*~ (outnumbered).
 11626 | Lair:1   | 11626 ||| Stepping ~*~*~tactically~*~*~ (outnumbered).
 11627 | Lair:1   | 11627 ||| Stepping ~*~*~tactically~*~*~ (outnumbered).
 11631 | Lair:1   | 11631 ||| Stepping ~*~*~tactically~*~*~ (outnumbered).
 11725 | Lair:1   | 11725 ||| Stepping ~*~*~tactically~*~*~ (stealth).
 11770 | Lair:1   | 11770 ||| Stepping ~*~*~tactically~*~*~ (stealth).
 11792 | Lair:1   | 11792 ||| Stepping ~*~*~tactically~*~*~ (stealth).
 11793 | Lair:1   | 11793 ||| Stepping ~*~*~tactically~*~*~ (stealth).
 11795 | Lair:1   | 11795 ||| INVOKING Fiery Armour.
 11801 | Lair:1   | Noticed a four-headed hydra
 11803 | Lair:1   | 11803 ||| Stepping ~*~*~tactically~*~*~ (outnumbered).
 11804 | Lair:1   | 11804 ||| Stepping ~*~*~tactically~*~*~ (outnumbered).
 11816 | Lair:1   | Killed a six-headed hydra
 11817 | Lair:1   | Reached skill level 9 in Shields
 12343 | Lair:1   | Identified the +0 robe of Tinefy {-Tele Fly rC+ Will++}
 12408 | Lair:2   | Noticed an eight-headed hydra
 12409 | Lair:2   | 12409 ||| INVOKING Fiery Armour.
 12412 | Lair:2   | Reached XP level 12. HP: 110/114 MP: 12/12
 12421 | Lair:2   | Killed a 12-headed hydra
 12632 | Lair:2   | 12632 ||| INVOKING Fiery Armour.
 12736 | Lair:2   | Noticed a four-headed hydra
 12737 | Lair:2   | 12737 ||| Stepping ~*~*~tactically~*~*~ (stealth).
 12744 | Lair:2   | Killed a six-headed hydra
 12745 | Lair:2   | 12745 ||| FLEEEEING.
 12746 | Lair:2   | 12746 ||| FLEEEEING.
 12747 | Lair:2   | 12747 ||| FLEEEEING.
 12748 | Lair:2   | 12748 ||| FLEEEEING.
 12749 | Lair:2   | 12749 ||| FLEEEEING.
 12750 | Lair:2   | 12750 ||| FLEEEEING.
 12755 | Lair:2   | 12755 ||| FLEEEEING.
 12756 | Lair:2   | 12756 ||| FLEEEEING.
 12757 | Lair:2   | 12757 ||| FLEEEEING.
 12758 | Lair:2   | 12758 ||| FLEEEEING.
 12759 | Lair:2   | 12759 ||| FLEEEEING.
 12764 | Lair:2   | 12764 ||| FLEEEEING.
 12796 | Lair:2   | Noticed an eight-headed hydra
 12805 | Lair:2   | HP: 28/114 [13-headed hydra (10)]
 12805 | Lair:2   | HP: 7/114 [13-headed hydra (8)]
 12805 | Lair:2   | Mangled by a 13-headed hydra

Levels and vault maps discovered:
D:1:      minmay_arrival_radiant_lines, layout_basic, minmay_misc_feat_iff
D:2:      layout_basic, shapermc_ecumenical_altar_flowoftime,
          uniq_crazy_yiuf_cottage
D:3:      layout_loops_cross, lemuel_round_altar, overflow_temple_1_default,
          cheibrodos_sewer_entry_bend, minmay_cut_off, uniq_grinder, uniq_ijyb
D:4:      layout_loops_ring, general_overflow_altar, nicolae_ossuary_entry_ruins
D:5:      lemuel_ice_spiral_2, layout_basic, serial_shops, nicolae_diamond_shop,
          uniq_prince_ribbit1, uniq_eustachio
D:6:      layout_basic, temple_fountains, nicolae_grassy_gnolls, uniq_pikel
D:7:      layout_loops_corners, lemuel_tele_altar, mainiacjoe_overflow_brackets,
          lemuel_blue_sif_altar, minmay_increasing_density, uniq_maggie
D:8:      layout_basic, old_standard_altar, minivault_19, serial_park_tiny_pond,
          uniq_amaemon, uniq_psyche
D:9:      layout_layer_cave, zombieorc2_lemuel, serial_shops,
          nicolae_shop_overgrown_old_shop, grunt_decor_clamped, minmay_holes
D:10:     layout_rooms, erik_lair_dragon
D:11:     layout_basic, nicolae_gozag_cash_rules_everything_around_me
D:12:     layout_roguey, serial_shops, nicolae_shop_trees
Lair:1:   layout_regular_city, serial_bayou_ford_a
Lair:2:   layout_chaotic_city, lemuel_fruit_tree, serial_bayou_shore_b

Skill      XL: |  1  2  3  4  5  6  7  8  9 10 11 12 |
---------------+-------------------------------------+-----
Unarmed Combat | 4 5 6 8 10 12 14 | 14.9
Throwing       | 3 |  3.9
Fighting       | 3 4 5 6 |  6.0
Dodging        | 2 |  2.3
Armour         | 3 |  3.0
Shields        | 1 9 10 | 10.0
Spellcasting   | |  1.0
Fire Magic     | |  2.1

Action                   |  1- 3 |  4- 6 |  7- 9 | 10-12 || total
-------------------------+-------+-------+-------+-------++-------
Melee: Unarmed           |   102 |   103 |   364 |   485 ||  1054
       Punch             |     2 |     1 |     9 |     9 ||    21
Throw: Javelin           |    26 |     7 |    37 |    20 ||    90
       Boomerang         |       |       |     7 |   132 ||   139
Invok: Fiery Armour      |     1 |     1 |     3 |     7 ||    12
  Use: Potion            |     2 |     2 |     6 |     4 ||    14
       Scroll            |     1 |     5 |    13 |     6 ||    25
Armor: Robe              |    32 |    16 |    62 |     8 ||   118
       Steam dragon scal |       |       |       |   186 ||   186
Dodge: Dodged            |    42 |    19 |    85 |   166 ||   312
Block: Kite shield       |       |       |       |   130 ||   130

Table legend:
 A = Non-vault XP
 B = Vault XP
 C = Vault XP percentage of total XP
 D = Non-vault monster count
 E = Vault monster count
 F = Vault count percentage of total count
                 A         B        C        D         E       F
            +---------+---------+-------+---------+---------+-------
      Total |   20025 |    7230 |  26.5 |     276 |     148 |  34.9
            +---------+---------+-------+---------+---------+-------
        D:1 |      33 |       0 |   0.0 |      21 |       0 |   0.0
        D:2 |      85 |       0 |   0.0 |      25 |       0 |   0.0
        D:3 |      95 |     369 |  79.5 |      19 |       8 |  29.6
        D:4 |     254 |       0 |   0.0 |      10 |       0 |   0.0
        D:5 |     512 |     491 |  49.0 |      19 |       2 |   9.5
        D:6 |     993 |     754 |  43.2 |      25 |       5 |  16.7
        D:7 |    1706 |     574 |  25.2 |      38 |       7 |  15.6
        D:8 |    2491 |    1527 |  38.0 |      35 |       3 |   7.9
        D:9 |    2993 |    1153 |  27.8 |      30 |      34 |  53.1
       D:10 |    1827 |    1586 |  46.5 |      12 |       7 |  36.8
       D:11 |     205 |       0 |   0.0 |       1 |       0 |   0.0
     Lair:1 |    2876 |       0 |   0.0 |      21 |       0 |   0.0
     Lair:2 |    5955 |       0 |   0.0 |      20 |       0 |   0.0
      Sewer |       0 |     512 | 100.0 |       0 |      28 | 100.0
    Ossuary |       0 |     264 | 100.0 |       0 |      54 | 100.0
            +---------+---------+-------+---------+---------+-------
